 Seeded DCSS version 0.30.1-4-g462c640d31 (webtiles) character file.

Game seed: 6351066067085065685 (custom seed)

67 Esekla the Magician (level 3, -1/19 HPs)
             Began as a Deep Elf Wanderer on Sept 6, 2023.
             Was a Follower of Vehumet.
             Slain by an iguana (11 damage)
             ... on level 2 of the Dungeon.
             The game lasted 00:13:14 (1910 turns).

Esekla the Magician (Deep Elf Wanderer)             Turns: 1910, Time: 00:13:15

Health: -1/19      AC:  4    Str: 11    XL:     3   Next: 98%
Magic:  8/12       EV: 11    Int: 19    God:    Vehumet [*.....]
Gold:   173        SH:  4    Dex: 11    Spells: 3/13 levels left

rFire   . . .        a - +1 short sword (freeze)
rCold   . . .        d - +0 buckler
rNeg    . . .        c - +0 robe
rPois   .            h - +0 helmet
rElec   .            (no cloak)
rCorr   .            j - +0 pair of gloves
SInv    .            (no boots)
Will    .....        (no amulet)
Stlth   ++           (no ring)
HPRegen 0.23/turn    (no ring)
MPRegen 0.13/turn

%: no passive effects
@: very slightly contaminated
A: no striking features
a: Renounce Religion


You were on level 2 of the Dungeon.
You worshipped Vehumet.
Vehumet was aware of your devotion.
You visited 1 branch of the dungeon, and saw 4 of its levels.

You collected 173 gold pieces.

Inventory:

Hand Weapons
 a - a +1 short sword of freezing (weapon)
 r - a +0 spear
 s - the +5 rapier of the Hero {heavy, rN+ Dex+3}
   (You found it on level 3 of the Dungeon)

   Dex:       It affects your dexterity (+3).
   rN:        It protects you from negative energy.
Missiles
 v - 6 poisoned darts (quivered)
Armour
 c - a +0 robe (worn)
 d - a +0 buckler (worn)
 h - a +0 helmet (worn)
 j - a +0 pair of gloves (worn)
Wands
 q - a wand of roots (7)
Scrolls
 l - a scroll of amnesia {unknown}
 m - a scroll of immolation {unknown}
 n - a scroll of blinking {unknown}
 o - a scroll of enchant armour {unknown}
 p - 3 scrolls of identify {unknown}
 w - a scroll of fog {unknown}
Potions
 b - a potion of lignification
 e - a potion of ambrosia {unknown}
 f - a potion of haste {unknown}
 g - 2 potions of curing {unknown}
 i - a potion of mutation {unknown}
 k - 2 potions of attraction {unknown}
 t - 2 potions of brilliance {unknown}
 u - a potion of heal wounds {unknown}


   Skills:
 + Level 0.4 Short Blades
 * Level 1.2 Dodging
 + Level 1.6 Stealth
 + Level 1.6 Shields
 * Level 5.7 Spellcasting
 + Level 0.1 Conjurations
 * Level 1.1 Necromancy
 + Level 2.5 Translocations
 + Level 1.0 Invocations


You had 3 spell levels left.
You knew the following spells:

 Your Spells              Type           Power      Damage    Failure   Level
a - Magic Dart            Conj           24%        1d4       16%         1
b - Blink                 Tloc           28%        N/A       9%          2
d - Vampiric Draining     Necr           9%         2d6       32%         3
p - Apportation           Tloc           28%        N/A       6%          1
t - Teleport Other        Tloc           14%        N/A       19%         3

Your spell library contained the following spells:

 Spells                   Type           Power      Damage    Failure   Level
 Sandblast                Erth           10%        2d5       17%         1
 Lesser Beckoning         Tloc           28%        N/A       9%          2
 Gell's Gravitas          Tloc           14%        N/A       19%         3
 Ignite Poison            Fire/Tmut/Pois 5%         N/A       45%         3


Dungeon Overview and Level Annotations

Branches:
Dungeon (4/15)
 Temple: D:4-7

Altars:
Okawaru
Vehumet
Zin

Shops:
D:2 =


Message History

Apport: 6 poisoned darts Yoink!
You pull the items towards yourself.
v - 9 poisoned darts (gained 6) Throw: 9 darts (poison)
Press: ? - help, Q - select action, (/) - cycle Shift-Dir - straight line, f - iguana
Aim: an iguana (58% to hit)
You throw a poisoned dart. The poisoned dart hits the iguana.
The iguana is poisoned.
Throw: 8 darts (poison)
Press: ? - help, Q - select action, (/) - cycle Shift-Dir - straight line, f/p - iguana
Aim: an iguana (lightly wounded, poisoned, 58% to hit)
You throw a poisoned dart. The poisoned dart hits the iguana.
The iguana is lightly wounded.
The iguana looks more healthy.
Throw: 7 darts (poison)
Press: ? - help, Q - select action, (/) - cycle Shift-Dir - straight line, f/p - iguana
Aim: an iguana (heavily wounded, 58% to hit)
You throw a poisoned dart.
The poisoned dart barely misses the iguana.
Casting: Apportation (safe; 6% risk of failure)
Confirm with . or Enter, or press ? or * to list all spells.
Aiming: Magic Dart (safe; 16% risk of failure)
Press: ? - help, Shift-Dir - straight line, f/p - iguana
Aim: an iguana (heavily wounded, 100% to hit)
The magic dart hits the iguana.
The iguana is heavily wounded.
You hit the iguana but do no damage.
The iguana is heavily wounded.
The iguana bites you!
Casting: Magic Dart (safe; 16% risk of failure)
Confirm with . or Enter, or press ? or * to list all spells.
The spell is astonishingly dangerous to miscast (32% risk of failure)!
Continue anyway?
Aiming: Vampiric Draining (astonishingly dangerous; 32% risk of failure)
Press: ? - help, Shift-Dir - straight line, f/p - iguana
Aim: an iguana (heavily wounded)
You miscast Vampiric Draining.
You are very lightly contaminated with residual magic.
Nothing appears to happen.
The iguana bites you!
Ouch! That really hurt!
You die...

####.##### #### #.
#... #8.8# .# #.
#.8###...###8.####
#..'..._...+......
#.8###...###8(#.##
#....#8.8#..(...#
##...#####.....##
##...(.....# #
#@l.......#
###########


You could see an iguana.

Vanquished Creatures
  2 adders (D:2)
  A dart slug (D:1)
  3 orcs (D:3)
  6 ball pythons
  4 endoplasms
  8 goblins
  3 hobgoblins
  A quokka (D:1)
  4 bats
  4 frilled lizards
  5 kobolds
41 creatures vanquished.

Notes
Turn   | Place    | Note
-------+----------+-------------------------------------------
     0 | D:1      | Esekla the Deep Elf Wanderer began the quest for the Orb.
     0 | D:1      | Esekla set off with the following items: a +0 club, a
                  | potion of lignification, a +0 robe, a +0 buckler; and the
                  | following spells available to memorise: Apportation, Blink,
                  | Lesser Beckoning, Magic Dart, Ignite Poison, Vampiric
                  | Draining.
     0 | D:1      | Reached XP level 1. HP: 10/10 MP: 7/7
   153 | D:2      | Found Renulab's Jewellery Shop.
   289 | D:4      | Found a radiant altar of Vehumet.
   303 | D:4      | Found an iron altar of Okawaru.
   314 | D:4      | Found a glowing silver altar of Zin.
   398 | D:4      | Became a worshipper of Vehumet
   459 | D:4      | Learned a level 1 spell: Magic Dart
   461 | D:4      | Learned a level 1 spell: Apportation
   535 | D:3      | Reached XP level 2. HP: 13/15 MP: 9/9
   538 | D:3      | Learned a level 2 spell: Blink
   744 | D:3      | Reached skill level 5 in Spellcasting
   799 | D:3      | Identified the +5 rapier of the Hero {heavy, rN+ Dex+3}
   962 | D:2      | Reached skill level 1 in Dodging
  1083 | D:3      | Reached XP level 3. HP: 12/19 MP: 9/11
  1087 | D:3      | Learned a level 3 spell: Vampiric Draining
  1387 | D:2      | Noticed a black bear
  1551 | D:1      | Reached skill level 1 in Necromancy
  1572 | D:1      | Reached * piety under Vehumet
  1572 | D:1      | Offered knowledge of Sandblast by Vehumet.
  1813 | D:1      | Learned a level 3 spell: Teleport Other
  1865 | D:2      | Found a faded altar of an unknown god.
  1910 | D:2      | Slain by an iguana

Illustrated notes

Levels and vault maps discovered:
D:1:      sevenhm_arrival_forest_fort_small_3, layout_rooms,
          chequers_serial_rivers_room_b, minmay_misc_feat_five
D:2:      layout_loops_ring, dreamdust_ecumenical_altar_angels_and_demons,
          serial_shops, shop
D:3:      layout_basic, grunt_temple_overflow_open, minmay_misc_feat_iff
D:4:      layout_basic, nicolae_overflow_quartered_altars, serial_shops,
          nicolae_diamond_shop

Skill      XL: |  1  2  3 |
---------------+----------+-----
Spellcasting   | 5 |  5.7
Dodging        | 1 |  1.2
Necromancy     | 1 |  1.1
Short Blades   | |  0.4
Stealth        | |  1.6
Shields        | |  1.6
Conjurations   | |  0.1
Translocations | |  2.5
Invocations    | |  1.0

Action                     || total
---------------------------++-------
  Melee: Short sword       ||    83
         Club              ||     2
  Throw: Dart              ||     3
   Cast: Magic Dart        ||    42
         Apportation       ||    10
    Use: Scroll            ||     1
   Stab: Sleeping          ||     4
 Armour: Robe              ||    14
  Dodge: Dodged            ||    50
  Block: Buckler           ||    18
